 Dungeon Crawl Stone Soup version 0.26.1-2-gb8aa6d0cf2 (webtiles) character file.

Game seed: 8121383855279190601

2520 Alarak the Destroyer (level 9, -10/45 HPs)
             Began as a Deep Elf Conjurer on Feb 28, 2021.
             Was a Follower of Vehumet.
             Mangled by an orc warrior
             ... wielding a +0 short sword
              (13 damage)
             ... on level 7 of the Dungeon on Mar 18, 2021.
             The game lasted 00:38:52 (8187 turns).

Alarak the Destroyer (Deep Elf Conjurer)            Turns: 8187, Time: 00:38:52

Health: -10/45     AC:  5    Str:  4    XL:     9   Next: 29%
Magic:  6/25       EV: 14    Int: 27    God:    Vehumet [*.....]
Gold:   106        SH:  0    Dex: 13    Spells: 10/28 levels left

rFire    . . .     SeeInvis .   o - +4 quarterstaff (chaos)
rCold    . . .     Faith    .   (shield currently unavailable)
rNeg     . . .     Spirit   .   a - +0 robe
rPois    .         Reflect  .   (no helmet)
rElec    .         Harm     .   p - +2 cloak
rCorr    .         Rampage  .   (no gloves)
Will     .....                  (no boots)
Stlth    ++........             (no amulet)
HPRegen  0.15/turn              (no ring)
MPRegen  0.19/turn              (no ring)

@: about to teleport, marked
A: no striking features
a: Renounce Religion


You were on level 7 of the Dungeon.
You worshipped Vehumet.
Vehumet was aware of your devotion.
You visited 2 branches of the dungeon, and saw 8 of its levels.

You collected 253 gold pieces.
You spent 147 gold pieces at shops.

Inventory:

Hand Weapons
 e - a +0 dagger
 l - a +4 war axe
 o - a +4 quarterstaff of chaos (weapon)
 q - a cursed -1 mace
Armour
 a - a +0 robe (worn)
 c - a +0 cloak
 p - a +2 cloak (worn)
Jewellery
 k - an uncursed ring of fire
Wands
 r - a wand of flame (18)
 v - a wand of acid (3)
 A - a wand of polymorph (8)
Scrolls
 d - 2 scrolls of enchant weapon
 g - 2 scrolls of enchant armour
 i - 3 scrolls of fear
 j - 4 scrolls of identify
 s - 2 scrolls of blinking
 t - a scroll of magic mapping
Potions
 f - 4 potions of curing
 h - a potion of heal wounds
 m - 3 potions of brilliance
 n - 3 potions of cancellation
 u - a potion of invisibility
 w - a potion of lignification {unknown}
 x - 2 potions of degeneration
 z - 2 potions of flight


   Skills:
 - Level 5.1 Dodging
 - Level 2.4 Stealth
 - Level 10.0 Spellcasting
 - Level 10.2 Conjurations
 + Level 5.3 Hexes


You had 10 spell levels left.
You knew the following spells:

 Your Spells              Type           Power        Failure   Level
a - Magic Dart            Conj           100%         1%          1
b - Searing Ray           Conj           100%         1%          2
c - Dazzling Flash        Conj/Hex       100%         1%          3
d - Fulminant Prism       Conj/Hex       27%          1%          4
e - Iskenderun's Mystic   Conj/Tloc      41%          5%          4
f - Blink                 Tloc           N/A          6%          2
g - Call Imp              Summ           13%          6%          2

Your spell library contained the following spells:

 Spells                   Type           Power        Failure   Level
 Shock                    Conj/Air       100%         1%          1
 Slow                     Hex            42%          1%          2
 Confusing Touch          Hex            42%          1%          3
 Conjure Flame            Conj/Fire      41%          1%          3
 Mephitic Cloud           Conj/Pois/Air  32%          3%          3
 Gell's Gravitas          Tloc           6%           13%         3
 Metabolic Englaciation   Hex/Ice        13%          36%         5
 Yara's Violent Unravell  Hex/Tmut       13%          36%         5
 Petrify                  Tmut/Erth      13%          38%         4


Dungeon Overview and Level Annotations

Branches:
Dungeon (7/15)             Temple (1/1) D:6

Altars:
Ashenzari
Gozag
Makhleb
Nemelex Xobeh
Ru
Trog
Vehumet
Xom
Yredelemnul
Zin

Shops:
D:5 !(*

Annotations:
D:7 Harold, Pikel


Message History

An ice beast comes into view.
You hear an explosion!
Vehumet accepts your kill.
You feel your power returning.
You feel a bit more experienced.
The phantom blinks!
You hear a shout!
Casting: Fulminant Prism (dangerous; 1% risk of failure)
Confirm with . or Enter, or press ? or * to list all spells.
You blink.
The orc warrior throws a boomerang.
The boomerang completely misses you. The ice beast closely misses you.
Casting: Blink (safe; 6% risk of failure)
Confirm with . or Enter, or press ? or * to list all spells.
You blink.
The orc warrior suddenly complains.
The orc warrior barely misses you. Harold barely misses you.
As you read the scroll of teleportation, it crumbles to dust.
You feel strangely unstable. The gnoll hits you with a +0 flail!
* * * LOW HITPOINT WARNING * * *
The orc warrior hits you with a +0 short sword!
You die...

.. ..J .... ..55#
#.5K# #r*.#
.##...K#########
........K..(§o@##
.........5.?.o@g.##
.....>....W...(...#
!....!.......o##..#
..............###<#
...####...###..##)#
..[ #..## #Y.##.#
.. ##.# ##.##.# .#
..#o#


You could see Harold, Pikel, a phantom, an orc warrior, an ice beast, a lemure,
a gnoll and 2 orcs.

Vanquished Creatures
  The ghost of Sassenached the Skirmisher, a novice HuWn (D:5)
  Menkaure (D:6)
  Edmund (D:4)
  2 black bears (D:6)
  3 sky beasts
  An ogre (D:4)
  Blork the orc (D:4)
  A lemure (D:7)
  3 bullfrogs
  A scorpion (D:4)
  5 wights (D:6)
  2 howler monkeys
  A centaur zombie (D:5)
  A jelly (D:5)
  A gnoll shaman (D:6)
  A bullfrog skeleton (D:5)
  Crazy Yiuf (D:2)
  2 hounds
  2 orc wizards
  Jessica (D:3)
  3 iguanas
  Terence (D:2)
  3 worker ants
  Ijyb (D:3)
  A howler monkey zombie (D:6)
  7 gnolls
  4 river rats (D:5)
  13 adders
  2 shadow imps
  2 ufetubi (D:5)
  An ooze (D:3)
  5 worms
  3 dart slugs
  2 leopard geckos
  7 orcs
  3 giant cockroaches
  8 goblins
  10 hobgoblins
  7 jackals
  5 kobolds
  3 quokkas
  A ball python (D:4)
  8 bats
  8 frilled lizards
  A jackal zombie (D:6)
  11 rats
152 creatures vanquished.

Vanquished Creatures (others)
  23 fulminant prisms
  20 plants (D:5)
43 creatures vanquished.

Grand Total: 195 creatures vanquished

Notes
Turn   | Place    | Note
-------+----------+-------------------------------------------
     0 | D:1      | Alarak the Deep Elf Conjurer began the quest for the Orb.
     0 | D:1      | Reached XP level 1. HP: 10/10 MP: 6/6
   272 | D:1      | Reached XP level 2. HP: 15/15 MP: 5/9
   488 | D:1      | Learned a level 2 spell: Searing Ray
   895 | D:1      | Reached XP level 3. HP: 19/19 MP: 9/11
   934 | D:1      | Reached skill level 5 in Spellcasting
  1697 | D:2      | Reached XP level 4. HP: 24/24 MP: 7/14
  1912 | D:2      | Learned a level 3 spell: Dazzling Flash
  2200 | D:2      | Reached skill level 5 in Conjurations
  2274 | D:2      | Found a runed translucent door.
  2275 | D:2      | Noticed Crazy Yiuf
  2295 | D:2      | Noticed Terence
  2299 | D:2      | Killed Terence
  2300 | D:2      | Reached XP level 5. HP: 28/28 MP: 9/15
  2492 | D:2      | Learned a level 4 spell: Fulminant Prism
  2561 | D:2      | Killed Crazy Yiuf
  2906 | D:3      | Noticed Jessica
  2908 | D:3      | Killed Jessica
  3569 | D:3      | Noticed Ijyb
  3582 | D:3      | Killed Ijyb
  3965 | D:4      | Reached XP level 6. HP: 32/32 MP: 14/17
  3974 | D:4      | Reached skill level 5 in Hexes
  3996 | D:4      | Noticed Edmund
  4006 | D:4      | Killed Edmund
  4268 | D:4      | Noticed Blork the orc
  4278 | D:4      | Killed Blork the orc
  4279 | D:4      | Reached XP level 7. HP: 27/36 MP: 8/20
  4557 | D:4      | Found a burning altar of Makhleb.
  4924 | D:4      | You fall into a shaft and drop 2 floors!
  5019 | D:5      | Entered Level 5 of the Dungeon
  5019 | D:5      | Found Fuzoe's General Store.
  5027 | D:5      | Bought a potion of flight for 42 gold pieces
  5027 | D:5      | Bought a scroll of blinking for 105 gold pieces
  5076 | D:6      | Found a staircase to the Ecumenical Temple.
  5086 | Temple   | Entered the Ecumenical Temple
  5094 | Temple   | Became a worshipper of Vehumet
  5190 | D:6      | Reached XP level 8. HP: 41/41 MP: 14/22
  5460 | D:6      | Reached skill level 5 in Dodging
  5504 | D:6      | Noticed Menkaure
  5510 | D:6      | Killed Menkaure
  5914 | D:6      | Learned a level 4 spell: Iskenderun's Mystic Blast
  5943 | D:6      | Found a broken altar of Ashenzari.
  6184 | D:5      | Found Ykhliot's Weapon Emporium.
  6208 | D:5      | Found a runed translucent door.
  6210 | D:5      | Noticed Sassenached's ghost (novice HuWn)
  6267 | D:5      | Found a shimmering altar of Xom.
  6277 | D:5      | Reached skill level 10 in Spellcasting
  6387 | D:5      | Reached * piety under Vehumet
  6387 | D:5      | Offered knowledge of Shock by Vehumet.
  6822 | D:5      | Found Vatruf's Distillery.
  7059 | D:5      | Found a sacrificial altar of Ru.
  7085 | D:5      | Reached XP level 9. HP: 45/45 MP: 20/25
  7436 | D:5      | Learned a level 2 spell: Blink
  7462 | D:5      | Learned a level 2 spell: Call Imp
  7656 | D:5      | Killed Sassenached's ghost
  7657 | D:5      | Reached skill level 10 in Conjurations
  7966 | D:7      | Noticed Harold
  8180 | D:7      | Noticed Pikel
  8187 | D:7      | Mangled by an orc warrior

Illustrated notes

Levels and vault maps discovered:
D:1:      dpeg_arrival_three_same_balls, layout_basic
D:2:      layout_basic, uniq_crazy_yiuf_cottage, uniq_terence
D:3:      layout_loops_corners, uniq_ijyb, uniq_jessica
D:4:      layout_basic, bloody_makhleb, serial_glass, glass_columns_b,
          glass_columns_a, glass_columns_a, minmay_strange_pillars,
          due_unseen_surprise, item_on_display_a, item_on_display_a,
          nrook_mini_vaults, uniq_blork_the_orc, uniq_edmund
D:5:      wad_woods_stonehenge, layout_gridville, ebering_ghost_sewer_d,
          serial_shops, nicolae_shop_crystal, shop, kennysheep_little_box,
          nicolae_ru_great_annihilating_truth
D:6:      layout_basic, minmay_temple_entry_sparse_star, serial_glass,
          glass_columns_a, glass_columns_a, glass_columns_b, glass_columns_a,
          glass_columns_a, basic_altar, chequers_ossuary_entry_cave,
          uniq_menkaure
D:7:      layout_layer_cave, hex_medium, uniq_harold, uniq_pikel, uniq_joseph
Temple:   nicolae_temple_the_god_donut

Skill      XL: |  1  2  3  4  5  6  7  8  9 |
---------------+----------------------------+-----
Spellcasting   | 4 6 8 10 | 10.0
Conjurations   | 5 8 9 10 | 10.2
Hexes          | 2 4 5 |  5.3
Dodging        | 5 |  5.1
Stealth        | |  2.4

Action                   |  1- 3 |  4- 6 |  7- 9 || total
-------------------------+-------+-------+-------++-------
Melee: Quarterstaff      |       |       |     1 ||     1
 Cast: Magic Dart        |    48 |    66 |    54 ||   168
       Searing Ray       |     9 |    21 |    41 ||    71
       Fulminant Prism   |       |     5 |    18 ||    23
       Call Imp          |       |       |     9 ||     9
       Blink             |       |       |     3 ||     3
  Use: Scroll            |       |       |    14 ||    14
Armor: Robe              |     1 |       |     5 ||     6
Dodge: Dodged            |     9 |     5 |    21 ||    35
